Cogmind - Beta 9.2 *** ADVENTURER MODE // 2019.11.21 @ 23:11:09 Player: sideriver81 Result: Destroyed by DAS Turret with DAS Cannon Performance ------------- Evolutions (1) 500 Regions Visited (5) 1000 Robots Destroyed (15) 75 Value Destroyed (428) 428 Prototype IDs (0) 0 Alien Tech Used (0) 0 Bonus (-198) -198 TOTAL SCORE: 1805 Bonus ------- Friendly Fire -198 Cogmind --------- Core Integrity 0/400 Matter 300/300 Energy 99/100 System Corruption 0% Temperature Cool (0) Movement Core (150) Ox2 Location -9/Exiles Parts ------- > --- POWER (1) -------- (None) > --- PROPULSION (2) --- (None) > --- UTILITY (4) ------ Improved Heat Sink Small Storage Unit Visual Processing Unit Signal Interpreter > --- WEAPON (2) ------- Mining Claw > --- INVENTORY (6) ---- Ion Engine Aluminum Leg Aluminum Leg Aluminum Leg Medium Matter Pod (100) Small Laser Peak State ------------ > --- POWER ------------ Ion Engine > --- PROPULSION ------- Aluminum Leg Aluminum Leg > --- UTILITY ---------- Improved Heat Sink Small Storage Unit Visual Processing Unit Signal Interpreter > --- WEAPON ----------- Small Laser Heavy Assault Rifle > --- INVENTORY -------- Ion Engine Aluminum Leg Aluminum Leg Aluminum Leg Medium Matter Pod Mining Claw [Rating: 13] Favorites ----------- Power Ion Engine Engine Ion Engine Propulsion Aluminum Leg Leg Aluminum Leg Utility Small Storage Unit Device Improved Heat Sink Storage Small Storage Unit Processor Signal Interpreter Protection Propulsion Shielding Weapon Small Laser Energy Gun Small Laser Ballistic Gun Heavy Assault Rifle Slashing Weapon Mining Claw Build | -11 -10 -10 -9 -9 -9 ------- Run | Scr Mat Min Mat Min Exi Slots Evolved 2 | . . . 2 . . Power . | . . . . . . Propulsion . | . . . . . . Utility 2 | . . . 2 . . Weapon . | . . . . . . Parts Attached 11 | . 2 1 7 . 1 Power . | . . . . . . Engine . | . . . . . . Core . | . . . . . . Reactor . | . . . . . . Propulsion 3 | . . . 3 . . Treads . | . . . . . . Leg 3 | . . . 3 . . Wheel . | . . . . . . Hover . | . . . . . . Flight . | . . . . . . Utility 4 | . 2 . 2 . . Device 1 | . . . 1 . . Storage . | . . . . . . Processor 2 | . 1 . 1 . . Hackware . | . . . . . . Protection 1 | . 1 . . . . Artifact . | . . . . . . Weapon 4 | . . 1 2 . 1 Energy Gun 2 | . . 1 1 . . Energy Cannon . | . . . . . . Ballistic Gun 1 | . . . 1 . . Ballistic Cannon . | . . . . . . Launcher . | . . . . . . Special Weapon . | . . . . . . Impact Weapon . | . . . . . . Slashing Weapon 1 | . . . . . 1 Piercing Weapon . | . . . . . . Special Melee Weapon . | . . . . . . Unidentified Prototypes . | . . . . . . Parts Lost 6 | . . . 2 . 4 Power 1 | . . . . . 1 Propulsion 2 | . . . . . 2 Utility . | . . . . . . Weapon 3 | . . . 2 . 1 Highest Loss Streak 4 | . . . 2 . 4 Average Slot Usage (%) 96 | . 93 100 92 100 99 Engine 11 | . 14 14 11 11 10 Leg 23 | . 28 28 22 22 21 Device 7 | . . . 10 11 11 Storage 11 | . 14 14 11 11 11 Processor 16 | . 1 14 17 22 22 Protection 1 | . 6 . . . . Energy Gun 11 | . 14 14 8 11 10 Ballistic Gun 11 | . 14 14 11 11 10 Naked Turns . | . . . . . . Heaviest Build 15 | 11 12 12 14 14 15 Greatest Support 20 | 20 20 20 20 20 20 Greatest Overweight (x) 2 | . . . . . 2 Average Overweight (x) . | . . . . . . Largest Inventory Capacity 6 | . 6 6 6 6 6 Average Capacity 6 | . 6 6 6 6 6 Most Carried 6 | . 6 6 6 6 6 Average Carried 5 | . 5 5 5 6 6 Final Capacity 6 | 6 6 6 6 6 6 Final Carried 6 | 6 6 6 6 6 6 Class Distribution -------------------- 55% | Scavenger-Mutant 44% | Mutant Dominant Class ---------------- Mutant | -10/Materials Mutant | -10/Mines Mutant | -9/Materials Scavenger-Mutant | -9/Mines Scavenger-Mutant | -9/Exiles Resources | -11 -10 -10 -9 -9 -9 ----------- Run | Scr Mat Min Mat Min Exi Matter Collected 467 | 200 115 31 111 10 . Remotely . | . . . . . . Salvage Created 632 | . 56 140 436 . . Parts 40 | . 2 11 27 . . Haulers Intercepted 1 | . 1 . . . . Recyclers Shooed . | . . . . . . Parts Field Recycled . | . . . . . . Retrieved Matter . | . . . . . . Parts Self-Destructed . | . . . . . . Prevented . | . . . . . . Kills | -11 -10 -10 -9 -9 -9 ------- Run | Scr Mat Min Mat Min Exi Combat Hostiles Destroyed 12 | . . 5 7 . . Guns 12 | . . 5 7 . . Classes Destroyed 6 | . 1 2 3 . . Hauler 1 | . 1 . . . . Recycler 1 | . . . 1 . . Watcher 1 | . . . 1 . . Swarmer 3 | . . 3 . . . Grunt 7 | . . 2 5 . . Sentry 2 | . . . 2 . . Best Kill Streak 5 | . 1 3 5 . . Combat Bots Only 4 | . . 3 4 . . Max Kills in Single Turn 1 | . 1 1 1 . . Gunslinging . | . . . . . . Exploded . | . . . . . . Melee . | . . . . . . Uniques/NPCs Destroyed . | . . . . . . Combat | -11 -10 -10 -9 -9 -9 -------- Run | Scr Mat Min Mat Min Exi Damage Taken 1147 | . . 83 543 . 521 Core 420 | . . 6 157 . 257 Absorbed by Shields . | . . . . . . Core Remaining (%) 98 | 100 . 97 . . . Volleys Fired 54 | . 5 11 38 . . Largest 2 | . 2 2 2 . . Hottest 70 | . 60 60 70 . . Shots Fired 90 | . 10 22 58 . . Gun 90 | . 10 22 58 . . Cannon . | . . . . . . Launcher . | . . . . . . Special . | . . . . . . Kinetic 54 | . 5 11 38 . . Thermal 36 | . 5 11 20 . . Explosive . | . . . . . . Electromagnetic . | . . . . . . Robot Hit Streak 17 | . 9 10 17 . . Robot Miss Streak 2 | . . 2 2 . . Penetration Max . | . . . . . . Secondary Targets 3 | . . 2 1 . . Max Gunslinging Chain 1 | . . 1 1 . . Shots Hit Robots 68 | . 9 14 44 . 1 Core Hits 28 | . 2 9 17 . . Critical Hits 1 | . . . 1 . . Critical Kills . | . . . . . . Critical Parts Destroyed 1 | . . . 1 . . Melee Attacks 1 | . . . . . 1 Impact . | . . . . . . Slashing 1 | . . . . . 1 Piercing . | . . . . . . Sneak Attacks 1 | . . . . . 1 Combat Hostiles . | . . . . . . Follow-up Attacks . | . . . . . . Damage Inflicted 782 | . 88 130 498 . 66 Guns 716 | . 88 130 498 . . Cannons . | . . . . . . Explosions . | . . . . . . Melee 66 | . . . . . 66 Ramming . | . . . . . . Kinetic 311 | . 33 30 248 . . Thermal 405 | . 55 100 250 . . Explosive . | . . . . . . Electromagnetic . | . . . . . . Impact . | . . . . . . Slashing 66 | . . . . . 66 Piercing . | . . . . . . Highest Corruption . | . . . . . . Average Corruption . | . . . . . . Corruption Purged . | . . . . . . Overload Shots . | . . . . . . Overflow Damage . | . . . . . . Projectiles . | . . . . . . Explosions . | . . . . . . Melee . | . . . . . . Knockbacks . | . . . . . . Impact . | . . . . . . Kinetic . | . . . . . . Secondary . | . . . . . . Self-Inflicted Damage 93 | . . . 93 . . Shots 2 | . . . 2 . . Rammed . | . . . . . . Targets Rammed . | . . . . . . Kicked . | . . . . . . Crushed . | . . . . . . Highest Temperature 67 | . 20 67 24 . . Average Temperature 18 | . 13 25 9 . . Received Heat Transfer 321 | . . 39 282 . . Siege Activations . | . . . . . . Robots Corrupted . | . . . . . . Combat Hostiles . | . . . . . . Parts Fried . | . . . . . . Impact Corruptions . | . . . . . . Robots Melted . | . . . . . . Combat Hostiles . | . . . . . . Parts Melted 1 | . . . 1 . . Heat Transferred 1090 | . 125 225 740 . . Parts Sabotaged . | . . . . . . Parts Stolen . | . . . . . . Parts Stripped . | . . . . . . Power Chain Reactions . | . . . . . . Missiles Intercepted . | . . . . . . Alert | -11 -10 -10 -9 -9 -9 ------- Run | Scr Mat Min Mat Min Exi Peak Influence 272 | . 11 123 272 89 . Average Influence 78 | . 5 85 145 89 . Maximum Alert Level 1 | . . . 1 . . Low Security (%) 88 | . 100 100 63 100 . Level 1 11 | . . . 36 . . Level 2 . | . . . . . . Level 3 . | . . . . . . Level 4 . | . . . . . . Level 5 . | . . . . . . High Security . | . . . . . . Max Security . | . . . . . . Squads Dispatched 1 | . . . 1 . . Investigation . | . . . . . . Extermination . | . . . . . . Reinforcement 1 | . . . 1 . . Assault . | . . . . . . Garrison . | . . . . . . Intercept . | . . . . . . Construction Impeded . | . . . . . . Haulers Reinforced . | . . . . . . Stealth | -11 -10 -10 -9 -9 -9 --------- Run | Scr Mat Min Mat Min Exi Distress Signals 2 | . . . 2 . . Communications Jammed . | . . . . . . Distress Signals . | . . . . . . Times Spotted 36 | . . 4 15 . 17 Peak Tracking Total 13 | . . 2 4 . 13 Tactical Retreats 2 | . . . . . 2 Traps | -11 -10 -10 -9 -9 -9 ------- Run | Scr Mat Min Mat Min Exi Traps Triggered . | . . . . . . Indirectly . | . . . . . . Trap Hack Attempts . | . . . . . . Triggered . | . . . . . . Disarmed . | . . . . . . Reprogrammed . | . . . . . . Reused . | . . . . . . Traps Extracted . | . . . . . . Installed . | . . . . . . Triggered . | . . . . . . Machines | -11 -10 -10 -9 -9 -9 ---------- Run | Scr Mat Min Mat Min Exi Machines Disabled 2 | . . . 2 . . Max in Single Turn 2 | . . . 2 . . Machines Sabotaged . | . . . . . . Garrisons Compromised . | . . . . . . Overloaded Fab Kills . | . . . . . . Fab Network Shutdowns . | . . . . . . Hacking | -11 -10 -10 -9 -9 -9 --------- Run | Scr Mat Min Mat Min Exi Machines Accessed 6 | . 1 . 1 . 4 Terminals 2 | . 1 . 1 . . Fabricators . | . . . . . . Repair Stations . | . . . . . . Recycling Units . | . . . . . . Scanalyzers . | . . . . . . Garrison Access . | . . . . . . Total Hacks 53 | . 2 . 3 . 48 Successful 51 | . 1 . 2 . 48 Failed 2 | . 1 . 1 . . Catastrophic . | . . . . . . Database Lockouts . | . . . . . . Manual 1 | . . . 1 . . Terminals 5 | . 2 . 3 . . Fabricators . | . . . . . . Repair Stations . | . . . . . . Recycling Units . | . . . . . . Scanalyzers . | . . . . . . Garrison Access . | . . . . . . Terminal Hacks 51 | . 1 . 2 . 48 Record 48 | . . . . . 48 Robot Analysis 1 | . 1 . . . . Level Access Points 1 | . . . 1 . . Emergency Access Points 1 | . . . 1 . . Fabricator Hacks . | . . . . . . Repair Station Hacks . | . . . . . . Recycling Unit Hacks . | . . . . . . Scanalyzer . | . . . . . . Garrison Access Hacks . | . . . . . . Unauthorized Hacks . | . . . . . . Terminals . | . . . . . . Fabricators . | . . . . . . Repair Stations . | . . . . . . Recycling Units . | . . . . . . Scanalyzers . | . . . . . . Garrison Access . | . . . . . . Data Cores Recovered . | . . . . . . Used . | . . . . . . Hacking Detections 2 | . 1 . 1 . . Full Trace Events . | . . . . . . Feedback Events . | . . . . . . Feedback Blocked . | . . . . . . Robot Schematics Acquired . | . . . . . . Robots Built . | . . . . . . Matter . | . . . . . . Time . | . . . . . . Total Robot Build Rating . | . . . . . . Part Schematics Acquired . | . . . . . . Parts Built . | . . . . . . Matter . | . . . . . . Time . | . . . . . . Total Part Build Rating . | . . . . . . Parts Repaired . | . . . . . . Time . | . . . . . . Parts Recycled . | . . . . . . Recycled Matter . | . . . . . . Retrieved Matter . | . . . . . . Retrieved Components . | . . . . . . Parts Scanalyzed . | . . . . . . Part Schematics Acquired . | . . . . . . Parts Damaged . | . . . . . . Bothacking | -11 -10 -10 -9 -9 -9 ------------ Run | Scr Mat Min Mat Min Exi Used RIF Installer . | . . . . . . Robots Hacked . | . . . . . . Non-combat . | . . . . . . Combat . | . . . . . . Robot Hacks Applied . | . . . . . . Relay Couplers Released . | . . . . . . Robots Rewired . | . . . . . . Allies Hacked . | . . . . . . Hacks Repelled . | . . . . . . Allies | -11 -10 -10 -9 -9 -9 -------- Run | Scr Mat Min Mat Min Exi Total Allies . | . . . . . . Largest Group . | . . . . . . Highest-Rated Group . | . . . . . . Highest-Rated Ally . | . . . . . . Total Orders . | . . . . . . Ally Attacks . | . . . . . . Total Damage . | . . . . . . Kills . | . . . . . . Allies Corrupted . | . . . . . . Allies Melted . | . . . . . . Intel | -11 -10 -10 -9 -9 -9 ------- Run | Scr Mat Min Mat Min Exi Robot Analysis Total 1 | . 1 . . . . Derelict Logs Recovered . | . . . . . . Drone Launches . | . . . . . . Drone Recoveries . | . . . . . . Exploration | -11 -10 -10 -9 -9 -9 ------------- Run | Scr Mat Min Mat Min Exi Turns Passed 1375 | . 265 126 258 130 596 Spaces Moved 971 | 1 203 56 110 109 492 Core 7 | . . . . . 7 Treads . | . . . . . . Legs 964 | 1 203 56 110 109 485 Wheels . | . . . . . . Hover . | . . . . . . Flight . | . . . . . . Fastest Speed 120 | 120 120 120 120 120 120 Average Speed 120 | 120 120 120 120 120 120 Slowest Speed 150 | 120 120 120 120 120 150 Overloaded Moves . | . . . . . . Propulsion Burnouts . | . . . . . . Robots Hopped . | . . . . . . Cave-ins Triggered . | . . . . . . Exploration Rate (%) 30 | 2 33 12 16 31 91 Regions Visited 5 Branch Regions 3 Pre-discovered Areas 1 | . . . . . 1 Known Exits Taken 4 | . 1 1 1 1 . Unknown Exits Taken 1 | 1 . . . . . Scrap Searched . | . . . . . . Spaces Dug . | . . . . . . Terrain Destroyed 41 | . . . 41 . . Melee . | . . . . . . Projectile . | . . . . . . AOE 41 | . . . 41 . . Actions | -11 -10 -10 -9 -9 -9 --------- Run | Scr Mat Min Mat Min Exi Total 1098 | . 216 96 184 108 494 Wait 50 | . . 23 27 . . Move 966 | . 202 55 109 108 492 Hop . | . . . . . . Pick Up 7 | . 3 3 1 . . Fast Attach 4 | . 2 . 2 . . Attach 2 | . . . 2 . . Detach . | . . . . . . Swap 5 | . . 1 3 . 1 Drop 9 | . 4 3 2 . . Fire 54 | . 5 11 38 . . Melee 1 | . . . . . 1 Ram . | . . . . . . Kick . | . . . . . . Crush . | . . . . . . Escape Stasis . | . . . . . . Rewire . | . . . . . . Trap . | . . . . . . Miscellaneous . | . . . . . . Route ------- -11/Scrapyard -10/Materials -10/Mines -9/Materials (discovered 4 exits: Mat x3 / *Min) -9/Mines -9/Exiles (discovered 2 exits: *Min x2) History --------- Turn | Location | Event 1 | -11/Scrapyard | Discovered new exit (range 0) 1 | -11/Scrapyard | Entered Materials 139 | -10/Materials | Discovered new exit (range 15) 262 | -10/Materials | Identified exit to Mines 266 | -10/Materials | Entered Mines 298 | -10/Mines | Discovered new exit (range 15) 311 | -10/Mines | Build established: Mutant 388 | -10/Mines | Assembled infested the area 391 | -10/Mines | Identified exit to Materials 392 | -10/Mines | Entered Materials 392 | -9/Materials | Evolved 2 slots: Utility x2 478 | -9/Materials | Identified exit to Materials 621 | -9/Materials | Discovered new exit (range 18) 649 | -9/Materials | Identified exit to Mines 650 | -9/Materials | Entered Mines 774 | -9/Mines | Deemed a non-threat by the Exiles lab entrance 775 | -9/Mines | Discovered new exit (range 5) 779 | -9/Mines | Identified exit to Exiles 780 | -9/Mines | Entered Exiles 796 | -9/Exiles | Discovered new exit (range 16) 813 | -9/Exiles | Identified exit to Mines 838 | -9/Exiles | Met 8R-AWN 857 | -9/Exiles | Met EX-HEX 895 | -9/Exiles | Build established: Scavenger-Mutant 915 | -9/Exiles | Met EX-DEC 943 | -9/Exiles | Visited The Gauntlet 1084 | -9/Exiles | Learned location of Zion (-7) 1116 | -9/Exiles | Discovered exit to Mines (range 15) 1199 | -9/Exiles | Met EX-BIN 1357 | -9/Exiles | Attacked by the Exiles 1365 | -9/Exiles | Core integrity fell below 50% 1371 | -9/Exiles | Core integrity fell below 20% 1376 | -9/Exiles | Destroyed by DAS Turret with DAS Cannon Last Messages --------------- DEC: Armor with built-in cloaking technology. Or a big fat cloaking device that doubles as protection for when simply being cloaked isn't good enough. Same thing. Impressive, wish I'd thought of it. >>Record "HEX-105/Trap Reconfigurator" HEX: 0b10 trap systems are pretty poorly defended. I found that sending out a series of tuned electromagnetic waves is enough to redefine their targets. There's probably more we could do in this area. ** DEC: Like simultaneously trigger all the traps across a floor? Sounds good to me. 01356_ Sneak attack on EX-DEC. 01357_ EXILES: Hostile robot within lab perimeter. Defensive protocols time, folks! 01359_ EX-DEC: "Let's see what this bad boy can do..." 01359_ EX-DEC deploys DAS Turret. 01360_ Knocked back. 01362_ Hvy. Assault Rifle destroyed. 01362_ Aluminum Leg destroyed. 01362_ Ion Engine destroyed. 01366_ EX-BIN: "I just want to science!" 01366_ Aluminum Leg destroyed. 01374_ Knocked back. Map ----- +----------------------------------------------------+ | ???????????????????????#" ## #???????????? | | ???????????????????????#""""""## #???????????? | | ???????????????????????##"###### #??""""""???? | | ??????????????????????? "?????# #??""""""???? | | ?????????????????????#"""??????# #?#"""""""??? | | ?????????????????????#"""?????## ###"" """"#?? | | #####?????????????????""??????#" """"#?? | | !! "#?????????????????????????#" """#?? | | "#?????????????????????????#" """#?? | | "#?????????????????????????#" """#?? | | ""#????????????##???????????#" """#?? | | ""#???????????? """#???????#" """##? | | ""#????????????" """#???????## """""? | | #??????????????" #????????# """##? | | #?????????????"" #????????#" "X" """""? | | ##????????????"" "#????????#" """ # ? | | "#???????????? ""?????????#" """""""""#?? | | ###???????????" "?????????##" ###########?? | | ##??????????# #????????##"" #???????????? | | " ######???### ###?######"" #???????????? | | " """#####X# #"###""""""" ##??????????? | | " """""" " "" z ##??????#?## | | "# "" """ " #####"""""" | | ### " " " """ | | ??### "" | | ????### a@ " | | ??????## a | | ???????## | | ????????##" | | ?????????#""" a """""" | | ????????##" ######""" | | ????????#"" a ""##????#####""" | | ???????##"" """##??????????#""" | | ???????#""" a"""##???????????#"""" | | ???????#"" a""#???????????##"" | | ???????#"" ########??####"""" | | ???????#"" ## ####""" | | ???????#"" t """" | | ???????##"" | | ????????#"""" | | ????????## " | | ?????????#" " "" """ | | ?????????#"""" ""## ##""" " " ""#" | | ?????????#"" ""#### ######""" """## | | ?????????#" """"##??# #????###""""### | | ?????????#""" """#??## ####???######?? | | ?????????## ""##??#! "!#??????????? | | ??????????#"" """##???#" !#??????????? | | ??????????##""" ##????#" "#??????????? | | ???????????##"""" ##?????#!!""!"#??????????? | +----------------------------------------------------+ Best States ------------- Heat Dissipation 42 Energy Generation 10 Energy Capacity 250 Matter Stores 300 Matter Capacity 300 Sight Range 18 Terrain Scan Density 10 Resistance: KI 20 Resistance: TH 20 Resistance: EX 20 Resistance: EM 20 Resistance: I 20 Resistance: S 20 Resistance: P 20 Propulsion Shielding 33 Evasion (%) 40 Item Schematics ----------------- None Robot Schematics ------------------ None Fabricated ------------ Nothing Alien Tech Used ----------------- None Achievements -------------- None Challenges ------------ None Game ------ Seed OmegaSeismicWheel Manual? 0 Play Time 01:15:07 Cumulative 134.9 hours Start 2019.11.21 @ 00:58:23 End 2019.11.21 @ 23:11:09 Sessions 48 Manual Loads 0 Difficulty Adventurer Special Mode None Game No. 49 Rogue 17 Adventurer 31 Explorer 1 Win Type - Total 6 Types 5/0/0/1/0/0/0 Lore% 63 Gallery% 74 Achievement% 60 Wizard Run 0 Options --------- ASCII 0 Keyboard 0 Movement Numpad Keybinds 0 Fullscreen 0 Font 20/Terminus Map View 76x50 Tactical HUD 1 Map Filters NONE Filters NONE Steam 1 RUN: bf5bbd9b-ee46-42ee-9a3c-10d0f3dd3378